 Dungeon Crawl Stone Soup version 0.21-a0-417-g0adc95b (webtiles) character file.

42 slep the Slasher (level 3, -3/27 HPs)
             Began as a Demonspawn Gladiator on Nov 4, 2017.
             Slain by a worm (5 damage)
             ... on level 2 of the Dungeon.
             The game lasted 00:03:14 (600 turns).

slep the Slasher (Demonspawn Gladiator)              Turns: 600, Time: 00:03:14

Health: -3/27      AC:  4    Str: 14    XL:     3   Next: 35%
Magic:  3/3        EV: 13    Int:  9    God:
Gold:   47         SH:  0    Dex: 15    Spells: 2/2 levels left

rFire    . . .     SeeInvis .   a - +0 long sword
rCold    . . .     Gourm    .   (no shield)
rNeg     . . .     Faith    .   b - +0 leather armour
rPois    .         Spirit   .   c - +0 helmet
rElec    .         Reflect  .   (no cloak)
rCorr    .         Harm     .   (no gloves)
MR       .....                  (no boots)
Stlth    +.........             (no amulet)
HPRegen  0.09/turn              (no ring)
MPRegen  0.08/turn              (no ring)

@: no status effects
A: demonic guardian 1
a: no special abilities


You were on level 2 of the Dungeon.
You were not hungry.

You visited 1 branch of the dungeon, and saw 2 of its levels.

You collected 47 gold pieces.

Inventory:

Hand Weapons
 a - a +0 long sword (weapon)
Missiles
 d - 3 throwing nets (quivered)
Armour
 b - a +0 leather armour (worn)
 c - a +0 helmet (worn)
Scrolls
 e - a scroll of fog {unknown}
 g - 2 scrolls of enchant armour {unknown}
 i - a scroll of magic mapping {unknown}
 k - 2 scrolls of remove curse {unknown}
 m - a scroll of blinking {unknown}
Potions
 h - a potion of lignification {unknown}
 n - a potion of resistance {unknown}
Comestibles
 f - a bread ration
 j - 2 meat rations
 l - a chunk of flesh


   Skills:
 + Level 2.3 Fighting
 + Level 3.3 Long Blades
 + Level 1.9 Throwing
 + Level 0.2 Armour
 + Level 3.2 Dodging


You had 2 spell levels left.
You didn't know any spells.

Dungeon Overview and Level Annotations

Branches:
Dungeon (2/15)

Altars:


Innate Abilities, Weirdness & Mutations

A weak demonic guardian rushes to your aid.


Message History

* * * LOW HITPOINT WARNING * * *
You barely miss the worm.
The worm is almost dead.
The worm barely misses you.
You riposte.
You slash the worm!
You kill the worm!
The worm closely misses you.
You riposte.
You slash the worm!
The worm is heavily wounded.
You hit the worm.
The worm is heavily wounded.
You barely miss the worm.
The worm is heavily wounded.
The worm bites you.
* * * LOW HITPOINT WARNING * * *
You hit the worm.
The worm is heavily wounded.
The worm bites you but does no damage.
You hit the worm but do no damage.
The worm is heavily wounded.
The worm bites you.
You die...

......# ..#..
.......# ....
...#..####..###.
.....##<.....
#.#.......# #.##
#.w....%..# ##
....#
####......#...
#..).###w.........#
#....@..........###
###...##..........
###..#.........####
##..(....#......#
##......#....#
####.รท....#.##.##
#.........#..#..#
#.......#.#.(##.###
#....#.............


You could see a worm.

Vanquished Creatures
  A worm (D:2)
  A dart slug (D:1)
  A leopard gecko (D:2)
  4 giant cockroaches
  4 goblins (D:1)
  3 hobgoblins (D:1)
  7 jackals (D:1)
  2 bats (D:1)
  3 kobolds (D:1)
  7 rats
33 creatures vanquished.

Notes
Turn   | Place    | Note
-------+----------+-------------------------------------------
     0 | D:1      | slep the Demonspawn Gladiator began the quest for the Orb.
     0 | D:1      | Reached XP level 1. HP: 16/16 MP: 1/1
    72 | D:1      | Gained mutation: A weak demonic guardian rushes to your aid. [demonic ancestry]
    72 | D:1      | Reached XP level 2. HP: 7/22 MP: 2/2
   436 | D:1      | Reached XP level 3. HP: 23/27 MP: 3/3
   600 | D:2      | Slain by a worm

Vault maps used:
D:1:      noname_arrival_rooms_in_the_neighbourhood
D:2:      marbit_many_paths, grunt_qazlal_clouds, bloody_trog

Skill      XL: |  1  2 |
---------------+-------+-----
Long Blades    | 3 |  3.3
Dodging        | 3 |  3.2
Fighting       | |  2.3
Throwing       | |  1.9
Armour         | |  0.2

Action                   || total
-------------------------++-------
Melee: Long sword        ||    70
Armor: Leather armour    ||    18
Dodge: Dodged            ||    45
       Rpst.: Long sword ||    18

Table legend:
 A = Spawn XP
 B = Non-spawn XP
 C = Spawn XP percentage of total XP
 D = Spawn monster count
 E = Non-spawn monster count
 F = Spawn count percentage of total count
 G = Total turns spent on level
                    A         B        C        D         E        F      G
               +---------+---------+-------+---------+---------+-------+---------
         Total |       0 |      61 |   0.0 |       0 |      33 |   0.0 |   600
               +---------+---------+-------+---------+---------+-------+---------
           D:1 |       0 |      48 |   0.0 |       0 |      28 |   0.0 |   539
           D:2 |       0 |      13 |   0.0 |       0 |       5 |   0.0 |    61
               +---------+---------+-------+---------+---------+-------+---------
